 Dungeon Crawl Stone Soup version 0.20.0-15-g7f486f2 (webtiles) character file.

3811 vishdafish the Basher (level 10, -2/63 HPs)
             Began as a Gargoyle Fighter on June 21, 2017.
             Slain by an orc warrior
             ... wielding a +0 trident
              (27 damage)
             ... in a bailey.
             The game lasted 00:22:00 (7891 turns).

vishdafish the Basher (Gargoyle Fighter)            Turns: 7891, Time: 00:22:00

Health: -2/63      AC: 20    Str: 21      XL:     10   Next: 17%
Magic:  10/10      EV:  9    Int: 10      God:
Gold:   333        SH: 10    Dex:  8 (10) Spells: 9/9 levels left

rFire    + + .     SeeInvis .   d - +3 flail (protect)
rCold    x . .     Gourm    .   c - +0 shield
rNeg     + + .     Faith    .   C - +2 fire dragon scales
rPois    ∞         Spirit   .   (helmet restricted)
rElec    +         Reflect  .   (no cloak)
rCorr    +         Harm     .   g - +0 pair of gloves
MR       ++...                  (no boots)
Stlth    ..........             (no amulet)
Regen    0.2/turn               H - ring of resist corrosion
MPRegen  0.2/turn               G - ring of positive energy

@: no status effects
A: horns 1, magic resistance 2, negative energy resistance 1, electricity
resistance, unbreathing, petrification resistance, rot immunity, AC +7
a: no special abilities


You were in a bailey.
You were not hungry.

You visited 2 branches of the dungeon, and saw 8 of its levels.
You also visited: Sewer and Bailey.

You collected 333 gold pieces.

Inventory:

Hand Weapons
 d - a +3 flail of protection (weapon)
 j - a +1 whip of flaming
Armour
 b - a +0 scale mail
 c - a +0 shield (worn)
 g - a +0 pair of gloves (worn)
 q - a +1 helmet
 C - +2 fire dragon scales (worn)
 E - a +0 chain mail of fire resistance
Jewellery
 D - an uncursed ring of ice
 G - a ring of positive energy (right hand)
 H - a ring of resist corrosion (left hand)
Wands
 f - a wand of lightning (2/15)
 y - a wand of flame (6/48)
Scrolls
 h - a scroll of magic mapping
 i - a scroll of recharging
 k - 2 scrolls of teleportation
 p - a scroll of enchant weapon {unknown}
 t - 2 scrolls of enchant armour
 u - a scroll of fog {unknown}
 w - a scroll of remove curse {unknown}
 x - a scroll of fear {unknown}
Potions
 a - a potion of resistance
 e - a potion of ambrosia {unknown}
 l - 2 potions of lignification
 m - 2 potions of berserk rage
 n - a potion of haste {unknown}
 o - a potion of heal wounds
 r - 2 potions of curing
 v - a potion of agility {unknown}
 A - a potion of cancellation {unknown}
Books
 B - a book of Minor Magic

   Spells                             Type                      Level
   a - Magic Dart                     Conjuration                  1
   b - Blink                          Translocation                2
   c - Call Imp                       Summoning                    2
   d - Slow                           Hexes                        2
   e - Conjure Flame                  Conjuration/Fire             3
   f - Mephitic Cloud                 Conjuration/Poison/Air       3
Comestibles
 s - 9 fruits
 z - a royal jelly
 F - a meat ration


   Skills:
 + Level 7.0 Fighting
 + Level 9.2 Maces & Flails
 + Level 6.9 Armour
 + Level 3.2 Dodging
 + Level 1.0 Stealth
 + Level 7.8 Shields
 + Level 0.5 Evocations


You had 9 spell levels left.
You didn't know any spells.

Dungeon Overview and Level Annotations

Branches:
Dungeon (7/15)             Temple (1/1) D:4

Altars:
Ashenzari
Cheibriados
Elyvilon
Gozag
Hepliaklqana
Makhleb
Nemelex Xobeh
Qazlal
Ru
Sif Muna
Trog
Uskayaw
Vehumet
Xom
Yredelemnul
Zin
The Shining One
Jiyva


Innate Abilities, Weirdness & Mutations

You are resistant to torment.
Your stone body is resilient. (AC +7)
You are immune to poison.
You resist negative energy. (rN+)
You are resistant to electric shocks. (rElec)
You can survive without breathing.
You are immune to petrification.
You are immune to rotting.
You have a pair of small horns on your head.
You are highly resistant to hostile enchantments. (MR++)


Message History

The orc warrior closely misses you. You block the orc knight's attack.
You block the orc warrior's attack.
The orc warrior hits you from afar with a trident!!
* * * LOW HITPOINT WARNING * * *
The orc warrior no longer looks unusually strong.
You block the orc warrior's attack. You block the orc warrior's attack.
You block the orc warrior's attack.
The orc warrior hits you from afar with a trident!
* * * LOW HITPOINT WARNING * * *
You feel much better.
The orc warrior no longer looks unusually strong.
You block the orc warrior's attack. The orc warrior closely misses you.
The orc knight roars a battlecry!
The orc warriors go into a battle-frenzy!
The orc warrior barely misses you.
The orc warrior hits you from afar with a trident.
You block the orc warrior's attack.
The orc warrior hits you from afar with a trident!!
You die...

#.≈.#####******##'#############)≈
#.≈)##.$$,,##.........##.....##.≈
#.≈..##,,,##..≈≈≈≈≈≈≈..##...##..≈
#.≈≈..##,##..≈≈.....≈≈..+#.##..≈≈
#∩.≈≈..#+#..≈≈...⌠...≈≈..#+#..≈≈.
##.≈≈..#+#..≈≈.o⌠⌠⌠..§≈..#+#..≈≈.
#.≈≈..##,*#..≈≈ooo§.≈≈..#*,##..≈≈
#.≈..##,,,+#..§≈≈§§§≈.)#*,,,##).≈
#.≈.##,,,,,*#...@§§...##,,,,,##.≈
#.≈.#############+###'#########)≈
#.≈..)..)....##.....##..........≈
#.≈≈≈≈≈≈≈≈≈≈..##.∩.##.)≈≈≈≈≈≈≈≈≈≈
#..........≈≈..##,##..≈≈.........
##########..≈≈..###..≈≈..########
##..≈≈.....≈≈..## ##..≈≈≈≈≈≈≈..##
##.........##


You could see an orc knight and 3 orc warriors.

Vanquished Creatures
  Pikel (D:5)
  The ghost of modulartoil the Ruffian, an amateur TrMo (Sewer)
  Edmund (D:5)
  Duvessa (D:5)
  A sky beast (D:6)
  3 orc warriors
  A phantom (D:6)
  An ice beast (D:5)
  4 centaurs
  6 big kobolds (Sewer)
  2 bullfrogs (D:6)
  A wyvern zombie (D:6)
  A gnoll sergeant (D:6)
  Dowan (D:5)
  2 scorpions (D:6)
  5 killer bees (D:7)
  5 wights (D:6)
  A crimson imp (D:7)
  A bullfrog zombie (D:5)
  3 hounds
  A bullfrog skeleton (D:4)
  7 orc wizards
  An iguana (D:6)
  4 worker ants
  3 worker ant zombies
  6 gnolls
  A river rat (Sewer)
  18 adders
  2 shadow imps (D:6)
  4 oozes
  An adder skeleton (D:6)
  6 worms
  A dart slug (D:3)
  5 leopard geckos
  23 orcs
  5 bats
  9 giant cockroaches
  7 goblins
  4 hobgoblins
  5 jackals
  6 quokkas
  5 ball pythons (Sewer)
  2 frilled lizards
  11 kobolds
  A leopard gecko skeleton (D:6)
  8 rats
188 creatures vanquished.

Vanquished Creatures (others)
  A scorpion (D:5)
1 creature vanquished.

Grand Total: 189 creatures vanquished

Notes
Turn   | Place    | Note
-------+----------+-------------------------------------------
     0 | D:1      | vishdafish the Gargoyle Fighter began the quest for the Orb.
     0 | D:1      | Reached XP level 1. HP: 14/14 MP: 1/1
   208 | D:1      | Reached XP level 2. HP: 19/19 MP: 2/2
   792 | D:2      | Noticed a hand axe
   793 | D:2      | Noticed a dagger
   796 | D:2      | Found a hide-covered altar of Uskayaw.
   859 | D:2      | Reached XP level 3. HP: 19/23 MP: 3/3
  1367 | D:2      | Reached XP level 4. HP: 29/29 MP: 4/4
  1747 | D:3      | Reached skill level 1 in Dodging
  1767 | D:3      | Found a glowing drain.
  1889 | Sewer    | Entered a sewer
  1912 | Sewer    | Noticed a big kobold
  1948 | Sewer    | Killed a big kobold
  1948 | Sewer    | Reached skill level 3 in Maces & Flails
  1948 | Sewer    | Reached XP level 5. HP: 7/33 MP: 5/5
  2175 | Sewer    | Noticed modulartoil's ghost (amateur TrMo)
  2191 | Sewer    | Killed modulartoil's ghost
  2191 | Sewer    | Reached skill level 5 in Shields
  2191 | Sewer    | Reached XP level 6. HP: 15/38 MP: 6/6
  2533 | Sewer    | Reached skill level 4 in Maces & Flails
  2533 | Sewer    | Reached XP level 7. HP: 43/43 MP: 7/7
  2699 | Sewer    | Reached skill level 5 in Maces & Flails
  2905 | Sewer    | Reached skill level 5 in Armour
  3619 | D:4      | Found a burning altar of Makhleb.
  3647 | D:4      | Found a glowing silver altar of Zin.
  3648 | D:4      | Noticed an Executioner
  3648 | D:4      | Noticed an angel
  3741 | D:4      | Found a staircase to the Ecumenical Temple.
  3774 | D:4      | Reached XP level 8. HP: 22/48 MP: 8/8
  3799 | Temple   | Entered the Ecumenical Temple
  4390 | D:4      | Found a snail-covered altar of Cheibriados.
  4408 | D:4      | Found a sacrificial altar of Ru.
  4700 | D:5      | Entered Level 5 of the Dungeon
  4737 | D:5      | Found a deep blue altar of Sif Muna.
  4773 | D:5      | Noticed Edmund
  4786 | D:5      | Reached skill level 5 in Fighting
  4792 | D:5      | Killed Edmund
  4891 | D:5      | Reached skill level 6 in Maces & Flails
  4952 | D:5      | Noticed Pikel
  4965 | D:5      | Killed Pikel
  4965 | D:5      | Reached XP level 9. HP: 39/55 MP: 9/9
  5082 | D:5      | Reached skill level 7 in Maces & Flails
  5332 | D:5      | Noticed Duvessa
  5332 | D:5      | Noticed Dowan
  5341 | D:5      | Killed Duvessa
  5357 | D:5      | Killed Dowan
  6023 | D:6      | Reached skill level 8 in Maces & Flails
  6226 | D:6      | Gained mutation: You are resistant to hostile enchantments. (MR+) [potion of mutation]
  6226 | D:6      | Gained mutation: You are highly resistant to hostile enchantments. (MR++) [potion of mutation]
  6226 | D:6      | Gained mutation: You have a pair of small horns on your head. [potion of mutation]
  6508 | D:6      | Found a white marble altar of Elyvilon.
  6597 | D:6      | Found a stormy altar of Qazlal.
  6902 | D:7      | Reached XP level 10. HP: 20/61 MP: 10/10
  7093 | D:7      | Reached skill level 1 in Stealth
  7145 | D:7      | Found a hazy altar of Hepliaklqana.
  7157 | D:7      | Reached skill level 9 in Maces & Flails
  7511 | D:7      | Found a flagged portal.
  7541 | Bailey   | Entered a bailey
  7844 | Bailey   | Noticed an orc knight
  7891 | Bailey   | Slain by an orc warrior

Skill      XL: |  1  2  3  4  5  6  7  8  9 10 |
---------------+-------------------------------+-----
Shields        | 4 5 6 7 |  7.8
Armour         | 4 5 6 |  6.9
Dodging        | 1 2 3 |  3.2
Maces & Flails | 3 4 5 6 8 9 |  9.2
Fighting       | 4 5 6 7 |  7.0
Stealth        | 1 |  1.0
Evocations     | |  0.5

Action                   |  1- 3 |  4- 6 |  7- 9 | 10-12 || total
-------------------------+-------+-------+-------+-------++-------
Melee: Flail             |   132 |   162 |   593 |    70 ||   957
       Headbutt          |       |       |    10 |    10 ||    20
Evoke: Wand              |       |       |       |    46 ||    46
  Use: Potion            |       |     2 |     9 |     1 ||    12
       Scroll            |       |     1 |     2 |     4 ||     7
  Eat: Bread ration      |     1 |     1 |     3 |       ||     5
       Chunk             |     1 |       |     1 |       ||     2
       Fruit             |       |       |       |     2 ||     2
Armor: Scale mail        |    95 |    78 |   262 |       ||   435
       Chain mail        |       |       |    16 |    70 ||    86
       Fire dragon scale |       |       |       |     1 ||     1
Dodge: Dodged            |    38 |    52 |   203 |    38 ||   331
Block: Shield            |    86 |    94 |   320 |    82 ||   582
